AoeStats
← [KMNB] Bandeira

Lombardia

508456622Analyzed
2v2 RM · 11d ago on Sep 22, 2026· 70m 12s· 4 players
Game mode
Random Map
Map size
Medium (4 player)
Population
200
Speed
Normal
Resources
Standard
Victory
Conquest
Starting age
Dark Age
Ending age
Imperial Age
RankedLock teamsTeams togetherTeam positionsShared explorationLock speedFull tech treeHidden civsTurbo modeCheats
Victory
Defeat
🇧🇷 Magyars · Brazil
1517
+15
🇧🇷 Italians · Brazil
1469
+17
🇲🇽 Mongols · Mexico
1556
-18
🇳🇱 Persians · Netherlands
1438
-14
[KMNB] Dedão
7:17 Loom
9:33 Feudal Age
10:39 Double-Bit Axe
15:24 Fletching
17:34 Wheelbarrow
21:13 Castle Age
19:49 Padded Archer Armor
19:44 Horse Collar
20:02 Gold Mining
22:22 Bow Saw
21:41 Crossbowman
22:26 Bodkin Arrow
25:12 Heavy Plow
26:05 Ballistics
28:46 Hand Cart
29:08 Town Watch
35:08 Imperial Age
33:38 Stone Mining
34:22 Thumb Ring
35:52 Leather Archer Armor
37:00 Chemistry
36:24 Conscription
37:10 Bracer
37:48 Elite Genoese Crossbowman
38:49 Bloodlines
38:40 Husbandry
39:55 Two-Man Saw
38:31 Arbalester
39:43 Ring Archer Armor
39:24 Forging
38:53 Light Cavalry
41:04 Caravan
41:34 Coinage
42:29 Scale Barding Armor
43:00 Iron Casting
44:58 Chain Barding Armor
45:39 Blast Furnace
45:20 Hussar
53:15 Guard Tower
53:11 Arrowslits
54:18 Town Patrol
54:56 Plate Barding Armor
65:43 Murder Holes
65:59 Masonry
69:05 Banking
[KMNB] Bandeira
7:09 Loom
9:31 Feudal Age
13:05 Double-Bit Axe
13:02 Horse Collar
21:11 Castle Age
19:50 Bloodlines
20:56 Gold Mining
22:10 Scale Barding Armor
21:26 Light Cavalry
22:12 Husbandry
22:41 Bow Saw
26:11 Chain Barding Armor
31:07 Wheelbarrow
33:58 Heavy Plow
34:24 Stone Mining
39:41 Imperial Age
39:49 Hand Cart
40:22 Cavalier
42:42 Cavalier
42:46 Hussar
45:09 Paladin
49:03 Caravan
51:14 Plate Barding Armor
操你那婊子媽
10:51 Feudal Age
14:51 Castle Age
13:26 Double-Bit Axe
13:22 Horse Collar
20:09 Wheelbarrow
23:21 Hand Cart
23:12 Pikeman
23:47 Stone Mining
24:05 Loom
31:24 Imperial Age
30:06 Fletching
30:17 Padded Archer Armor
31:11 Bodkin Arrow
33:16 Bloodlines
33:07 Husbandry
33:09 Bracer
34:11 Chemistry
33:25 Thumb Ring
33:46 Parthian Tactics
32:57 Capped Ram
34:08 Conscription
34:21 Leather Archer Armor
34:38 Siege Ram
37:05 Elite Mangudai
38:44 Guard Tower
40:13 Gold Mining
40:55 Ballistics
42:52 Light Cavalry
43:39 Scale Barding Armor
43:45 Forging
44:18 Hussar
45:39 Chain Barding Armor
45:54 Iron Casting
51:16 Drill
59:37 Blast Furnace
Luukjes
4:56 Loom
10:05 Feudal Age
14:56 Castle Age
14:46 Double-Bit Axe
16:22 Bow Saw
16:31 Horse Collar
23:12 Wheelbarrow
22:39 Town Watch
24:03 Fletching
24:48 Bodkin Arrow
38:59 Bloodlines
41:26 Imperial Age
39:42 Husbandry
39:49 Scale Barding Armor
40:00 Forging
40:28 Heavy Plow
41:17 Cavalier
42:50 Chain Barding Armor
43:45 Savar
47:57 Hand Cart
49:55 Plate Barding Armor
49:56 Iron Casting
53:17 Blast Furnace
57:51 Gold Mining
59:42 Hoardings
59:28 Conscription
59:54 Padded Archer Armor
60:57 Gold Shaft Mining
61:59 Caravan
62:23 Stone Mining
64:48 Ballistics
65:29 Chemistry
Connection lost

Rejoining the realm…

Still unreachable

The connection could not be restored.

Session expired

The server has moved on; the page needs a fresh start.